 Dungeon Crawl Stone Soup version 0.16.0-17-g811c1d7 (webtiles) character file.

2010 Chiseanne the Blocker (level 9, -3/44 HPs)
             Began as a Vine Stalker Monk on Mar 20, 2015.
             Was an Elder of Makhleb.
             Slain by a cyclops (14 damage)
             ... on level 6 of the Dungeon.
             The game lasted 00:14:50 (4482 turns).

Chiseanne the Blocker (Vine Stalker Monk)           Turns: 4482, Time: 00:14:51

Health: -3/44      AC:  6    Str: 14    XL:     9   Next: 22%
Magic:  0/12       EV: 11    Int: 10    God:    Makhleb [****..]
Gold:   7          SH: 20    Dex: 20    Spells: 0 memorised, 8 levels left

rFire  . . .     SeeInvis .       - Unarmed
rCold  . . .     Clarity  .     h - +0 leather armour (curse)
rNeg   . . .     SustAb   .     s - +4 large shield
rPois  .         Gourm    .     t - +0 helmet
rElec  .         Spirit   +     m - +0 cloak (curse)
rCorr  .         Warding  .     a - +0 pair of gloves (curse)
rMut   .         Stasis   .     (no boots)
MR     +....                    (no amulet)
Stlth  ++........               (no ring)
                                (no ring)

@: lethally poisoned (-3 -> -4), somewhat resistant to hostile enchantments,
unstealthy
A: fangs 3, regeneration 2, magic shield, antimagic bite, no device heal 3, rot
immunity
a: Minor Destruction, Lesser Servant of Makhleb, Major Destruction, Renounce
Religion


You were on level 6 of the Dungeon.
You worshipped Makhleb.
Makhleb was greatly pleased with you.
You were not hungry.

You visited 1 branch of the dungeon, and saw 6 of its levels.

You collected 269 gold pieces.
You spent 262 gold pieces at shops.

Inventory:

Hand weapons
 w - a +0 blowgun
Missiles
 i - 65 poisoned needles
 v - 2 javelins of penetration (quivered)
Armour
 a - a cursed +0 pair of gloves (worn)
 f - a +0 ring mail
 h - a cursed +0 leather armour (worn)
 m - a cursed +0 cloak (worn)
 s - a +4 large shield (worn)
 t - a +0 helmet (worn)
Magical devices
 q - a wand of frost (13)
Scrolls
 e - a scroll of amnesia
 y - a scroll of magic mapping
 A - a scroll of silence
Potions
 j - a potion of haste
 k - 2 potions of restore abilities
 n - a potion of flight
 o - a potion of resistance
 r - a potion of agility
 u - a potion of cancellation
 x - a potion of invisibility {unknown}
 B - a potion of heal wounds {unknown}
Comestibles
 b - 4 bread rations
 c - 4 meat rations
 d - a slice of pizza
 l - 3 fruits
 p - a royal jelly


   Skills:
 - Level 3.5 Fighting
 - Level 4.1 Dodging
 - Level 2.4 Stealth
 + Level 9.2 Shields
 - Level 5.3 Unarmed Combat


You had 8 spell levels left.
You didn't know any spells.

Dungeon Overview and Level Annotations

Branches:
Dungeon (6/15)             Temple (0/1) D:5

Altars:
Dithmenos
Makhleb
Okawaru
Ru
Sif Muna
Xom
Yredelemnul
Zin
The Shining One

Shops:
D:4 (   D:6 ?


Innate Abilities, Weirdness & Mutations

You have razor-sharp teeth.
You heal very quickly.
When hurt, damage is shared between your health and your magic reserves.
Your bite disrupts and absorbs the magic of your enemies.
Potions and wands cannot restore your health.
You are immune to rotting.


Message History

You kill the hobgoblin!
Makhleb accepts your kill.
You feel a little better.
You hit the rat.
You kill the rat!
Makhleb accepts your kill.
You feel sick.
The cyclops throws a large rock.
The large rock hits you!!!
Ouch! That really hurt!
* * * LOW HITPOINT WARNING * * *
Items here: ) †††† a club; a rat corpse; a water moccasin corpse; a giant gecko corpse a quokka corpse You hit the cyclops!
You bite the cyclops. You drain its power.
You feel invigorated.
The cyclops is lightly wounded.
You feel sick. You block the cyclops' attack.
You hit the cyclops. You bite the cyclops, but do no damage.
The cyclops is moderately wounded.
The cyclops hits you!!
You die...

....###.###..###..# . .
###.# ### #### #### ## #.
..# ..# ###. ####..# ..#
..# #...# .. #.# ..# #
#.).##..##. ##.# ..# #.##
#.##..##..# ...# ..#
....#...##.##..##..##...#
..#
.......C@(...##..##..##.#
..#
....#...##...##..##..##†#
..# #.## #.##..##..##.).#
..# # #.##..##..##...#
..# #...##..##..##†# ..#
#...##..##..##.# ..#
#.##########...# ..# #.#
#####.... .. ..#
#..#####'


You could see a cyclops.

Vanquished Creatures
  Prince Ribbit (D:5)
  A water moccasin (D:6)
  The ghost of Chiseanne the Ruffian, an average VSMo (D:4)
  A phantom (D:3)
  An ice beast (D:5)
  2 ogres
  2 centaurs (D:6)
  2 giant frogs (D:6)
  3 crimson imps
  A jelly (D:6)
  A centaur zombie (D:5)
  An iguana (D:6)
  5 hounds
  A giant frog skeleton (D:5)
  4 orc priests
  5 orc wizards
  7 worker ants
  A mummy (D:4)
  6 adders
  6 worms
  8 giant geckos
  2 oozes
  5 orcs
  17 bats
  14 goblins
  12 hobgoblins
  16 jackals
  3 quokkas
  2 ball pythons
  3 giant cockroaches
  4 giant newts
  10 kobolds
  9 rats
157 creatures vanquished.

Vanquished Creatures (others)
  2 butterflies (D:4)
2 creatures vanquished.

Grand Total: 159 creatures vanquished

Notes
Turn   | Place    | Note
--------------------------------------------------------------
     0 | D:1      | Chiseanne, the Vine Stalker Monk, began the quest for the Orb.
     0 | D:1      | Reached XP level 1. HP: 11/11 MP: 1/1
   332 | D:1      | Reached XP level 2. HP: 14/16 MP: 3/3
   849 | D:2      | Reached XP level 3. HP: 19/19 MP: 4/4
   951 | D:2      | Reached XP level 4. HP: 20/23 MP: 3/5
  1111 | D:2      | Found a burning altar of Makhleb.
  1120 | D:2      | Reached XP level 5. HP: 24/28 MP: 5/7
  1128 | D:2      | Became a worshipper of Makhleb the Destroyer
  1128 | D:2      | Acquired Makhleb's first power
  1128 | D:2      | Acquired Makhleb's second power
  1354 | D:3      | Found a shimmering altar of Xom.
  1354 | D:3      | Noticed an angel
  1365 | D:3      | Found a glowing silver altar of Zin.
  1393 | D:3      | Found an iron altar of Okawaru.
  1483 | D:3      | Reached skill level 5 in Unarmed Combat
  1628 | D:3      | Noticed a phantom
  1653 | D:3      | Killed a phantom
  1653 | D:3      | Gained mutation: You heal very quickly. [vine stalker growth]
  1653 | D:3      | Reached XP level 6. HP: 13/32 MP: 3/8
  1720 | D:3      | Found a deep blue altar of Sif Muna.
  1726 | D:3      | Found a shadowy altar of Dithmenos.
  2014 | D:4      | Reached skill level 1 in Shields
  2053 | D:4      | Noticed Chiseanne's ghost (average VSMo)
  2068 | D:4      | Killed Chiseanne's ghost
  2117 | D:4      | Found a glowing golden altar of the Shining One.
  2121 | D:4      | Found a basalt altar of Yredelemnul.
  2122 | D:4      | Noticed a profane servitor
  2126 | D:4      | Noticed an angel
  2261 | D:4      | Acquired Makhleb's third power
  2261 | D:4      | Reached XP level 7. HP: 15/36 MP: 2/9
  2443 | D:4      | Found Oguicwa's Weapon Shop.
  2637 | D:5      | Entered Level 5 of the Dungeon
  2764 | D:5      | Reached skill level 5 in Shields
  2942 | D:5      | Gained mutation: You have razor-sharp teeth. [vine stalker growth]
  2942 | D:5      | Reached XP level 8. HP: 36/40 MP: 9/11
  3065 | D:5      | Reached skill level 6 in Shields
  3315 | D:5      | Found a staircase to the Ecumenical Temple.
  3316 | D:5      | Noticed Prince Ribbit
  3346 | D:5      | Killed Prince Ribbit
  3346 | D:5      | Acquired Makhleb's fourth power
  3346 | D:5      | Reached skill level 7 in Shields
  3787 | D:6      | Found Okhles' Magic Scroll Boutique.
  3795 | D:6      | Bought a scroll of magic mapping for 38 gold pieces
  3795 | D:6      | Bought a scroll of fear for 38 gold pieces
  3795 | D:6      | Bought a scroll of silence for 82 gold pieces
  3795 | D:6      | Bought a scroll of identify for 22 gold pieces
  3795 | D:6      | Bought a scroll of enchant armour for 82 gold pieces
  4134 | D:6      | Reached skill level 8 in Shields
  4150 | D:6      | Found a sacrificial altar of Ru.
  4331 | D:6      | Reached XP level 9. HP: 44/44 MP: 10/12
  4410 | D:6      | Reached skill level 9 in Shields
  4465 | D:6      | Noticed a cyclops
  4482 | D:6      | Slain by a cyclops

Action                   |  1- 3 |  4- 6 |  7- 9 || total
-------------------------+-------+-------+-------++-------
Melee: Unarmed           |    90 |   141 |   246 ||   477
 Fire: Blowgun           |       |       |    21 ||    21
Throw: Javelin           |       |     2 |     3 ||     5
  Use: Scroll            |       |    13 |     8 ||    21
 Stab: Sleeping          |       |     1 |     5 ||     6
  Eat: Chunk             |       |     4 |     8 ||    12
